 Dungeon Crawl Stone Soup version 0.32-a0-696-g5fa0bccb63 (webtiles) character file.

Game seed: 13146712078929282945

1405017 GordonOverkill the Englaciator (level 27, 163/163 HPs)
             Began as a Deep Elf Delver on Mar 13, 2024.
             Was the Champion of Vehumet.
             Escaped with the Orb
             ... and 3 runes!
             The game lasted 03:44:59 (107304 turns).

GordonOverkill the Englaciator (Deep Elf Delver)  Turns: 107304, Time: 03:45:00

Health: 163/163    AC: 20    Str: 12    XL:     27
Magic:  56/56      EV: 17    Int: 43    God:    Vehumet [******]
Gold:   2185       SH: 33    Dex: 22    Spells: 21/80 levels left

rFire   + + +        B - staff of cold
rCold   + + +        U - +5 tower shield {rC+}
rNeg    + . .        t - +5 robe of Night {Dark Will+ SInv}
rPois   .            C - +2 hat of the Constellations {rC+ Slay+2}
rElec   +            N - +4 dragonskin cloak {Aegis}
rCorr   .            i - +2 pair of gloves of Hidourch {Fly rElec Dex-2}
SInv    +            u - +2 pair of boots
Will    ++++.        e - amulet of the Beloved God {Reflect Rampage Fly Int+2 SH+5}
Stlth   +            p - ring "Towaon" {rF++ rN+ Int+6 Slay+2 Stlth-}
HPRegen 0.47/turn    A - ring "Banioczo" {Str+4 Int+6 Dex+4}
MPRegen 0.35/turn

%: random rage (3%), reflection, rampage
@: flying, studying 2 skills
A: antennae 1, agile 1, berserk 1, fire resistance 1, frail 1, strong-willed 1,
passive freeze, devolution 1, persistent drain
0: Orb of Zot
}: 3/15 runes: barnacled, silver, gossamer
a: Renounce Religion


You escaped.
You worshipped Vehumet.
Vehumet was exalted by your worship.
You visited 10 branches of the dungeon, and saw 48 of its levels.
You visited 3 bazaars.
You also visited: Sewer, Bailey and Desolation.

You collected 8320 gold pieces.
You spent 6135 gold pieces at shops.

Inventory:

Hand Weapons
 D - the +4 spear "Haogred" {flame, rF+ rC+ Dex+3}
   (You took it off a deep elf pyromancer on level 1 of the Elven Halls)

   Dex+3:     It affects your dexterity (+3).
   rF+:       It protects you from fire.
   rC+:       It protects you from cold.
Missiles
 j - 4 throwing nets
Armour
 i - the +2 pair of gloves of Hidourch (worn) {Fly rElec Dex-2}
   (You acquired it on level 3 of the Lair of Beasts)

   Dex-2:     It affects your dexterity (-2).
   rElec:     It insulates you from electricity.
   Fly:       It grants you flight.
 t - the +5 robe of Night (worn) {Dark Will+ SInv}
   (You found it on level 12 of the Dungeon)

   Dark:      It shrouds the wearer in darkness, reducing the range at which
   they can see and be seen by others.
   Will+:     It increases your willpower.
   SInv:      It lets you see invisible.
 u - a +2 pair of boots (worn)
 C - the +2 hat of the Constellations (worn) {rC+ Slay+2}
   (You found it on level 5 of the Vaults)

   Slay+2:    It affects your accuracy & damage with ranged weapons and melee
   (+2).
   rC+:       It protects you from cold.
 J - a +2 helmet of intelligence
 N - the +4 dragonskin cloak (worn) {Aegis}
   (You took it off Tiamat on level 3 of the Realm of Zot)

   Avatar's Aegis: It grants the wearer a chance to resist fire, cold, poison,
   electricity, acid, and negative energy.
 U - a +5 tower shield of cold resistance (worn)
Magical Staves
 B - a staff of cold (weapon)
Jewellery
 e - the amulet of the Beloved God (around neck) {Reflect Rampage Fly Int+2 SH+5}
   (You found it in the Desolation of Salt)

   [amulet of reflection]

   Reflect:   It reflects blocked missile attacks.
   Int+2:     It affects your intelligence (+2).
   Fly:       It grants you flight.
   SH+5:      It affects your SH (+5).
   Rampage:   It bestows one free step when moving towards enemies.
 l - the ring of Tepot {Ice +Blink rElec SInv}
   (You found it in the Desolation of Salt)

   [ring of ice]

   Ice:       It enhances your ice magic.
   rF-:       It makes you vulnerable to fire.
   rC+:       It protects you from cold.
   rElec:     It insulates you from electricity.
   SInv:      It lets you see invisible.
   +Blink:    It lets you blink.
 p - the ring "Towaon" (left hand) {rF++ rN+ Int+6 Slay+2 Stlth-}
   (You found it on level 4 of the Shoals)

   [ring of intelligence]

   Int+6:     It affects your intelligence (+6).
   Slay+2:    It affects your accuracy & damage with ranged weapons and melee
   (+2).
   rF++:      It greatly protects you from fire.
   rN+:       It protects you from negative energy.
   Stlth-:    It makes you less stealthy.
 A - the ring "Banioczo" (right hand) {Str+4 Int+6 Dex+4}
   (You found it on level 5 of the Vaults)

   [ring of intelligence]

   Str+4:     It affects your strength (+4).
   Int+6:     It affects your intelligence (+6).
   Dex+4:     It affects your dexterity (+4).
 G - the ring "Jauj" {Will+ rCorr SInv}
   (You took it off a deep elf elementalist on level 3 of the Elven Halls)

   [ring of see invisible]

   Will+:     It increases your willpower.
   SInv:      It lets you see invisible.
   rCorr:     It protects you from acid and corrosion.
 W - the amulet of Waru Zaur {Reflect Will++ SH+5}
   (You found it on level 5 of the Lair of Beasts)

   [amulet of reflection]

   Reflect:   It reflects blocked missile attacks.
   Will++:    It greatly increases your willpower.
   SH+5:      It affects your SH (+5).
Wands
 g - a wand of digging (13)
 n - a wand of warping (86)
 o - a wand of mindburst (23)
 L - a wand of paralysis (60)
 X - a wand of acid (23)
Scrolls
 b - 3 scrolls of blinking
 c - 12 scrolls of fog
 d - 6 scrolls of revelation
 m - 11 scrolls of fear
 q - 4 scrolls of silence
 w - 16 scrolls of amnesia
 y - 26 scrolls of identify
 z - 35 scrolls of teleportation
 F - 3 scrolls of butterflies
 H - 13 scrolls of vulnerability
 O - 3 scrolls of immolation
Potions
 f - 7 potions of cancellation
 h - 10 potions of might
 k - 9 potions of resistance
 r - 5 potions of haste
 v - 27 potions of curing
 x - 3 potions of magic
 K - 2 potions of brilliance
 P - 4 potions of invisibility
 Q - 4 potions of berserk rage
 R - 2 potions of lignification
 S - 11 potions of heal wounds
 V - 10 potions of ambrosia
 Y - a potion of attraction
 Z - 7 potions of enlightenment
Miscellaneous
 a - a phantom mirror
 s - a tin of tremorstones (2/2)
 E - a phial of floods
 I - a lightning rod (4/4)
 T - a sack of spiders


   Skills:
 + Level 21.3 Fighting
 - Level 3.0 Short Blades
 - Level 10.0 Dodging
 - Level 6.0 Stealth
 - Level 20.0 Shields
 O Level 27 Spellcasting
 - Level 16.0 Conjurations
 - Level 5.0 Summonings
 - Level 2.0 Necromancy
 - Level 2.0 Translocations
 O Level 27 Ice Magic
 - Level 7.0 Air Magic
 - Level 5.0 Earth Magic
 - Level 8.0 Alchemy
 - Level 5.0 Evocations


You had 21 spell levels left.
You knew the following spells:

 Your Spells              Type           Power      Damage    Failure   Level
a - Freezing Cloud        Conj/Ice/Air   70%        6-21      0%          5
b - Blink                 Tloc           100%       N/A       1%          2
c - Searing Ray           Conj           100%       2d8       0%          2
d - Sublimation of Blood  Necr           66%        N/A       1%          2
e - Fulminant Prism       Conj/Alch      51%        3d23      1%          4
f - Irradiate             Conj/Alch      51%        3d28      1%          5
g - Passwall              Erth           79%        N/A       1%          3
h - Orb of Destruction    Conj           57%        9d14      1%          7
i - Spellforged Servitor  Conj/Summ      49%        N/A       1%          7
j - Ozocubu's Refrigerat  Ice            81%        4d25      0%          7
k - Permafrost Eruption   Ice/Erth       69%        2x4d19    1%          6
l - Polar Vortex          Ice            81%        12d10*    1%          9

Your spell library contained the following spells:

 Spells                   Type           Power      Damage    Failure   Level
 Fire Storm               Conj/Fire      45%        8d12      99%         9
 Shatter                  Erth           39%        3d31*     100%        9
 Freeze                   Ice            100%       1d10      0%          1
 Magic Dart               Conj           100%       1d8       0%          1
 Sting                    Conj/Alch      100%       1d9       0%          1
 Ensorcelled Hibernation  Hex/Ice        100%       N/A       0%          2
 Static Discharge         Conj/Air       100%       3-8/arc   0%          2
 Frozen Ramparts          Ice            100%       1d16      0%          3
 Hailstorm                Conj/Ice       100%       3d16      0%          3
 Ozocubu's Armour         Ice            100%       N/A       0%          3
 Summon Ice Beast         Ice/Summ       100%       N/A       0%          3
 Iskenderun's Battlesphe  Conj           100%       2d15      0%          5
 Slow                     Hex            100%       N/A       1%          1
 Call Imp                 Summ           100%       N/A       1%          2
 Cigotuvi's Dreadful Rot  Necr/Alch/Air  100%       N/A       1%          2
 Lesser Beckoning         Tloc           100%       N/A       1%          2
 Mercury Vapours          Alch/Air       100%       N/A       1%          2
 Call Canine Familiar     Summ           79%        N/A       1%          3
 Confusing Touch          Hex            55%        N/A       1%          3
 Dazzling Flash           Conj/Hex       100%       N/A       1%          3
 Gell's Gravitas          Tloc           66%        N/A       1%          3
 Inner Flame              Hex/Fire       55%        N/A       1%          3
 Mephitic Cloud           Conj/Alch/Air  98%        N/A       1%          3
 Sigil of Binding         Hex            55%        N/A       1%          3
 Stone Arrow              Conj/Erth      100%       3d13      1%          3
 Swiftness                Air            87%        N/A       1%          3
 Teleport Other           Tloc           66%        N/A       1%          3
 Tukima's Dance           Hex            55%        N/A       1%          3
 Vampiric Draining        Necr           66%        2d10      1%          3
 Volatile Blastmotes      Fire/Tloc      100%       2d18      1%          3
 Airstrike                Air            43%        2d(7-23)  1%          4
 Animate Armour           Summ/Erth      100%       N/A       1%          4
 Brom's Barrelling Bould  Conj/Erth      99%        2d11      1%          4
 Flame Wave               Conj/Fire      91%        2d19      1%          4
 Ignite Poison            Fire/Alch      75%        N/A       1%          4
 Iskenderun's Mystic Bla  Conj/Tloc      94%        2d18      1%          4
 Martyr's Knell           Necr/Summ      73%        N/A       1%          4
 Olgreb's Toxic Radiance  Alch           91%        N/A       1%          4
 Petrify                  Alch/Erth      85%        N/A       1%          4
 Sticky Flame             Fire/Alch      75%        2d12      1%          4
 Summon Lightning Spire   Summ/Air       83%        N/A       1%          4
 Vhi's Electric Charge    Tloc/Air       100%       N/A       1%          4
 Alistair's Intoxication  Alch           60%        N/A       1%          5
 Arcjolt                  Conj/Air       51%        1d61      1%          5
 Fireball                 Conj/Fire      45%        3d18      1%          5
 Lee's Rapid Deconstruct  Erth           39%        3d19*     1%          5
 Metabolic Englaciation   Hex/Ice        65%        N/A       1%          5
 Yara's Violent Unravell  Hex/Alch       37%        3d15      1%          5
 Bombard                  Conj/Erth      49%        9d8       1%          6
 Conjure Ball Lightning   Conj/Air       51%        3x3d18    1%          6
 Eringya's Noxious Bog    Alch           45%        4d6       1%          6
 Animate Dead             Necr           66%        N/A       2%          4
 Passage of Golubria      Tloc           66%        N/A       2%          4
 Anguish                  Hex/Necr       30%        N/A       4%          4
 Dimensional Bullseye     Hex/Tloc       30%        N/A       4%          4
 Borgnjor's Vile Clutch   Necr/Erth      36%        N/A       4%          5
 Silence                  Hex/Air        36%        N/A       4%          5
 Summon Forest            Summ/Tloc      36%        N/A       4%          5
 Cause Fear               Hex            27%        N/A       6%          4
 Summon Mana Viper        Hex/Summ       68%        N/A       6%          5
 Plasma Beam              Fire/Air       36%        2x1d50    6%          6
 Curse of Agony           Necr           66%        N/A       8%          5
 Summon Cactus Giant      Summ           39%        N/A       12%         6
 Lehudib's Crystal Spear  Conj/Erth      49%        10d12     14%         8
 Death Channel            Necr           33%        N/A       38%         6
 Dispersal                Tloc           33%        N/A       38%         6
 Maxwell's Capacitive Co  Air            43%        ∞         47%         8
 Monstrous Menagerie      Summ           39%        N/A       54%         7
 Summon Hydra             Summ           39%        N/A       54%         7
 Haunt                    Necr/Summ      36%        N/A       77%         7
 Chain Lightning          Conj/Air       51%        3d68      77%         9
 Enfeeble                 Hex            27%        N/A       99%         7
 Borgnjor's Revivificati  Necr           33%        N/A       100%        8
 Ignition                 Fire           27%        3d9       100%        8
 Death's Door             Necr           33%        N/A       100%        9
 Dragon's Call            Summ           39%        N/A       100%        9


Dungeon Overview and Level Annotations

Branches:
Dungeon (15/15)            Temple (1/1) D:5            Lair (5/5) D:9
 Shoals (4/4) Lair:2       Spider (4/4) Lair:3        Slime (0/5) Lair:4
    Orc (2/2) D:9             Elf (3/3) Orc:2        Vaults (5/5) D:14
  Crypt (0/3) Vaults:3     Depths (4/4) D:15            Zot (5/5) Depths:4
  Sewer (visited)          Bailey (visited)         Desolation (visited)

Altars:
Ashenzari
Cheibriados
Dithmenos
Elyvilon
Fedhas
Gozag
Hepliaklqana
Kikubaaqudgha
Makhleb
Nemelex Xobeh
Okawaru
Qazlal
Ru
Sif Muna
Trog
Uskayaw
Vehumet
Wu Jian
Xom
Yredelemnul
Zin
The Shining One
Beogh
Lugonu

Shops:
D:4 *   D:12 !=[?   Orc:1 (   Orc:2 =(**   Elf:3 :   Shoals:3 ??[*   Shoals:4 *
Vaults:2 [   Vaults:3 (   Vaults:4 *:(*   Depths:1 ([[*??

Portals:
Hell: Depths:1 Depths:2 Depths:3 Depths:4
Abyss: Lair:5 Depths:1 Depths:3
Pandemonium: Depths:2 Depths:3
Ziggurat: Depths:3
Trove: Depths:4 (give 2 scrolls of acquirement)

Annotations:
D:11 1 exclusion
D:14 1 runed translucent door, Forchopo's ghost, journeyman DsMo
Zot:2 4 transporters
Zot:5 6 transporters


Innate Abilities, Weirdness & Mutations

You have a pair of small antennae on your head.
You are agile. (Dex +4, Str/Int -1)
You sometimes lose your temper in combat.
Your flesh is heat resistant. (rF+)
You are frail. (-10% HP)
You are strong-willed. (Will+)
A frigid envelope surrounds you and freezes all who hurt you.
You have hidden genetic defects.
Your health recovers twice as slowly from being drained.


Message History

Unknown command.
You fly upwards.
There is a stone staircase leading down here.
What level of the Dungeon? (default 1, ? - help)
There is an open door here.
There is a stone staircase leading up here.
You fly upwards.
There is a stone staircase leading down here.
An Executioner and a large abomination come into view.
Casting: Permafrost Eruption (safe; 1% risk of failure)
Confirm with . or Enter, or press ? or * to list all spells.
You feel a surge of power!
A great freezing vortex appears around you.
Casting: Polar Vortex (mildly dangerous; 1% risk of failure)
Confirm with . or Enter, or press ? or * to list all spells.
You feel a surge of power!
Bitter cold erupts, blasting rock from the ceiling!
The mass of rock hits the Executioner!!!
The Executioner is severely wounded.
Piercing cold boils outward!
The piercing cold hits the Executioner!!
The Executioner resists.
The Executioner is almost dead.
You kill the Executioner!
Vehumet accepts your kill.
You feel your power returning.
You destroy the large abomination!
Vehumet accepts your kill.
You feel your power returning.
What level of the Dungeon? (default 1, ? - help)
The winds around you start to calm down.
You are engulfed in whirling frost.
You are engulfed in whirling frost.
The winds around you calm down.
There is an open door here.
There is an open door here.
Magic restored.
There is an open door here.
There is a staircase leading out of the dungeon here.
You have escaped!

...÷..# #............#
......########## #.........####
..............⌠# #.........#
.......#.#..~~~### #.........####
.........#.#####.# ########..##..
......##.#.'...'.## #.###..
.........#.#.♣.#..# ##.# #..
.........#.'...##'# ##..###..
##..##...#.#####@.#######..##....
###..#.#.#.PPP##..##.......##.#..
.......#.#..⌠P######....(..##.#..
.......#...PPP#####........##.###
.........######..................
.............)............#######
.......#########....>...### #....
.......# #......### #.###
.......## #......#######.###


There were no monsters in sight!

Vanquished Creatures
  2 dread liches (Zot:5)
  Frederick (Depths:3)
  Tiamat (Zot:3)
  11 orbs of fire
  2 ancient liches
  A juggernaut (Depths:4)
  7 Killer Klowns (Zot:5)
  2 caustic shrikes (Depths:2)
  2 curse toes
  13 golden dragons
  Nikola (Spider:2)
  The ghost of Appolef the Hoplite, a veteran GrBe of Trog (Depths:4)
  A profane servitor (Depths:4)
  Arachne (Spider:4)
  2 bone dragons (Zot:1)
  The ghost of Ajyf the Eclecticist, an adept DgEE (Elf:3)
  7 electric golems
  2 doom hounds (Zot:3)
  2 Brimstone Fiends (Depths:3)
  19 tentacled monstrosities
  An Ice Fiend (Depths:3)
  2 liches
  25 Orb Guardians (Zot:5)
  Mlioglotl (Shoals:1)
  A walking earthen tome (Depths:4)
  Asterion (Spider:2)
  2 deep elf blademasters (Elf:3)
  5 sphinxes
  Grunn (Zot:3)
  2 titans (Vaults:5)
  6 quicksilver dragons
  3 Executioners
  9 death cobs
  A kraken (Shoals:3)
  Agnes (Spider:4)
  An ancient champion (Depths:2)
  10 shadow dragons
  Aizul (Spider:1)
  7 tengu reavers
  2 protean progenitors (Zot:3)
  11 storm dragons
  3 fire giants (Depths:2)
  2 draconian monks
  8 deep elf sorcerers
  11 frost giants
  5 imperial myrmidons (Desolation)
  21 vault wardens
  3 emperor scorpions
  6 draconian knights
  2 balrugs
  3 draconian scorchers
  4 iron dragons
  9 ghost moths
  The ghost of HourglassMan the Fighter, a journeyman GrEE of Vehumet (Shoals:3)
  3 draconian stormcallers
  A cacodemon (Depths:3)
  3 orc warlords
  6 draconian shifters
  4 deep elf elementalists (Elf:3)
  A demonspawn corrupter (Zot:5)
  2 draconian annihilators
  13 ironbound thunderhulks
  A spriggan defender (Depths:4)
  16 stone giants
  2 formless jellyfish
  26 very ugly things
  2 broodmothers
  23 ironbound preservers
  Nessos (Orc:2)
  3 vampire knights
  12 green draconians
  5 deep elf death magi
  14 deep elf demonologists
  10 black draconians
  12 dire elephants
  A lorocyproca (Depths:2)
  8 yellow draconians
  14 deep elf annihilators
  9 spark wasps
  A war gargoyle (Vaults:5)
  12 red draconians
  7 white draconians
  17 purple draconians
  2 pale draconians (Depths:4)
  Snorg (D:13)
  A halazid warlock (Desolation)
  Josephine (D:10)
  9 merfolk javelineers (Shoals:4)
  4 crystal guardians
  18 ettins
  7 merfolk impalers
  10 ragged hierophants
  11 fire dragons
  10 entropy weavers
  A green death (Depths:3)
  7 deep elf high priests
  30 vault guards
  7 rakshasas
  15 yaktaur captains
  6 great orbs of eyes
  A spriggan zombie (Depths:1)
  6 servants of whispers (Desolation)
  A hell beast (Depths:3)
  3 jorogumos
  A salamander tyrant (Depths:2)
  8 hydras
  A catoblepas (Lair:5)
  2 spriggan air magi
  14 ironbound frosthearts
  13 ice dragons
  A merfolk avatar (Shoals:1)
  2 radroaches (Spider:4)
  Erica (Orc:1)
  5 merfolk aquamancers
  4 ogre magi (Vaults:2)
  11 two-headed ogres
  13 boulder beetles
  11 centaur warriors
  13 peacekeepers
  32 dancing weapons
  8 death yaks
  6 deep troll earth magi
  4 deep troll shamans
  4 demonic crawlers
  Urug (Orc:2)
  A hell hog (Depths:1)
  2 two-headed ogres (shapeshifter)
  4 orc high priests
  4 vampire magi
  2 occultists (Depths:2)
  4 thrashing horrors (Lair:5)
  19 hell knights
  4 spriggan berserkers
  5 tengu warriors
  5 soul eaters
  27 deep elf knights
  3 sun demons
  Sonja (Lair:1)
  5 iron trolls
  6 skysharks
  7 salamander mystics
  Amaemon (Lair:2)
  A golden dragon zombie (Depths:1)
  4 arcanists
  A flayed ghost (Depths:1)
  3 glowing orange brains
  2 deep trolls (shapeshifter)
  A sun moth (Spider:2)
  8 pharaoh ants
  61 deep trolls
  3 swamp dragons (Depths:4)
  14 sea snakes
  An orb spider (shapeshifter) (Elf:3)
  9 steelbarb worms
  A shadow demon (Zot:5)
  2 orange crystal statues (Zot:5)
  7 thermic dynamos
  12 deep elf archers
  24 ironbound convokers
  9 lindwurms
  31 deep elf pyromancers
  5 orb spiders
  8 orc knights
  A human zombie (Vaults:1)
  3 phantasmal warriors
  4 large abominations
  9 fauns (Shoals:1)
  31 harpies
  31 deep elf zephyrmancers
  15 wolf spiders
  3 oklob plants (Lair:1)
  9 necromancers
  24 ugly things
  6 cyclopes
  24 moths of wrath
  7 orc sorcerers
  3 elephants (Lair:4)
  A faun (shapeshifter) (Elf:3)
  17 manticores
  A frost giant zombie (Depths:1)
  2 salamanders (Depths:1)
  Maurice (Orc:2)
  10 merfolk sirens
  A kobold blastminer (Orc:2)
  2 meliai (shapeshifter)
  4 guardian serpents (Desolation)
  6 meliai (Spider:4)
  An orange demon (Lair:2)
  6 black mambas
  A molten gargoyle (Desolation)
  8 water nymphs
  29 slime creatures
  A black mamba (shapeshifter) (D:15)
  A frost giant skeleton (Depths:1)
  29 vault sentinels
  7 smoke demons
  4 ice statues (D:11)
  A gargoyle (D:11)
  9 cane toads
  5 rime drakes
  A yaktaur zombie (Vaults:3)
  A storm dragon simulacrum (Depths:1)
  6 torpor snails
  8 komodo dragons
  A hellion (Zot:1)
  An efreet (D:15)
  4 unseen horrors
  6 tengu conjurers
  3 kobold demonologists (D:10)
  An ice devil (D:12)
  22 yaktaurs
  A tormentor (Depths:3)
  2 red devils
  2 human skeletons
  A polar bear (shapeshifter) (Spider:2)
  A queen bee (shapeshifter) (Elf:3)
  5 trolls
  21 merfolk
  5 polar bears
  26 tarantellas
  2 hornets (Depths:4)
  Prince Ribbit (Bailey)
  17 blink frogs
  6 wind drakes
  2 hellwings
  A raiju (Lair:5)
  A troll (shapeshifter) (Elf:3)
  Grinder (D:6)
  71 saltlings
  2 stone giant simulacra
  14 snapping turtles
  16 dream sheep
  3 glass eyes
  5 wyverns
  19 jumping spiders
  22 culicivoras
  2 culicivoras (shapeshifter) (Elf:3)
  3 shadows
  2 centaur simulacra (D:14)
  3 spriggans
  7 air elementals
  49 yaks
  Sigmund (D:4)
  2 ynoxinuls (Lair:5)
  8 wraiths
  9 basilisks
  7 humans (Bailey)
  9 water elementals
  An elf skeleton (Vaults:1)
  3 steam dragons (Depths:4)
  4 fire elementals
  13 vampire mosquitoes
  3 chaos spawn
  A warg (Orc:2)
  A redback (shapeshifter) (Elf:3)
  57 redbacks
  2 acid dragons
  16 water moccasins
  25 orc warriors
  15 ice beasts
  A sky beast (D:6)
  An orc zombie (Vaults:1)
  2 black bears (shapeshifter)
  2 black bears
  4 laughing skulls
  8 ogres
  4 boggarts (D:14)
  13 centaurs
  10 small abominations (Lair:5)
  6 wolves
  2 phantoms
  4 kobold brigands (D:10)
  A scorpion (D:6)
  20 bullfrogs
  2 earth elementals
  A gnoll sergeant (D:9)
  9 wights (D:9)
  18 killer bees
  2 electric eels (D:9)
  3 howler monkeys (D:12)
  2 bombardier beetles (D:5)
  2 human simulacra (Vaults:1)
  6 hounds
  20 orc priests
  2 gnoll boudas
  A jelly (D:5)
  Terence (D:2)
  3 iguanas
  A sleepcap (D:8)
  34 orc wizards
  18 gnolls
  3 adders
  3 dart slugs
  A ribbon worm (D:2)
  78 orcs
  3 ball pythons
  6 endoplasms
  4 giant cockroaches
  20 goblins
  13 hobgoblins
  4 jackals
  8 quokkas
  7 bats
  4 frilled lizards
  19 kobolds
  3 rats
  An aspiring flesh (Zot:3)
  A tentacle (Shoals:3)
2334 creatures vanquished.

Vanquished Creatures (collateral kills)
  The ghost of Sufi the Earth Mage, an adept GrEE of Vehumet (Shoals:1)
  A merfolk impaler (Shoals:4)
  A sphinx zombie (Vaults:1)
  An occultist (Depths:3)
  A skyshark (Shoals:1)
  A deep troll (Vaults:1)
  2 harpies (Shoals:1)
  An orc knight (Vaults:2)
  2 fauns (Shoals:1)
  A water nymph (Shoals:1)
  A wind drake (Shoals:4)
  A glowing shapeshifter zombie (Vaults:1)
14 creatures vanquished.

Vanquished Creatures (others)
  A merfolk aquamancer (Shoals:4)
  2 tengu conjurers (Depths:1)
  A tarantella (Spider:1)
  A water elemental (Elf:1)
  A golden eye (shapeshifter) (Elf:1)
  7 tentacles (Shoals:3)
13 creatures vanquished.

Grand Total: 2361 creatures vanquished

Notes
Turn   | Place    | Note
-------+----------+-------------------------------------------
     0 | D:5      | GordonOverkill the Deep Elf Delver began the quest for the
                  | Orb.
     0 | D:5      | Reached XP level 1. HP: 13/13 MP: 3/3
    15 | D:5      | Noticed a bombardier beetle
    16 | D:5      | Noticed an iguana
    20 | D:5      | Noticed a bombardier beetle
   300 | D:5      | Noticed an iguana
   300 | D:5      | Noticed an orc priest
   331 | D:4      | Noticed an ogre
   381 | D:3      | Found a glowing drain.
   393 | D:3      | Reached XP level 2. HP: 13/18 MP: 4/4
   462 | Sewer    | Entered a sewer
   598 | D:3      | Reached XP level 3. HP: 23/23 MP: 5/5
   604 | D:3      | Learned a level 1 spell: Magic Dart
   733 | D:3      | Reached skill level 1 in Spellcasting
   758 | D:2      | Noticed Terence
  1385 | D:4      | Noticed an ice beast
  1712 | D:1      | Learned a level 2 spell: Blink
  1736 | D:1      | Reached XP level 4. HP: 25/28 MP: 10/10
  1873 | D:1      | Found a faded altar of an unknown god.
  2239 | D:2      | Reached skill level 1 in Conjurations
  3559 | D:3      | Learned a level 2 spell: Searing Ray
  3562 | D:3      | Learned a level 2 spell: Sublimation of Blood
  3822 | D:4      | Found Cumeux's General Store.
  3836 | D:4      | Bought a scroll of teleportation for 36 gold pieces
  3992 | D:4      | Killed an ogre
  3993 | D:4      | Reached skill level 1 in Necromancy
  3993 | D:4      | Reached skill level 1 in Translocations
  3993 | D:4      | Reached XP level 5. HP: 6/32 MP: 7/11
  4449 | D:4      | Killed an ice beast
  4450 | D:4      | Reached XP level 6. HP: 37/37 MP: 6/14
  4685 | D:4      | Noticed Sigmund
  4694 | D:4      | Killed Sigmund
  4695 | D:4      | Reached skill level 5 in Conjurations
  4695 | D:4      | Reached XP level 7. HP: 36/41 MP: 8/15
  4942 | D:2      | Killed Terence
  5755 | D:5      | Found a staircase to the Ecumenical Temple.
  6047 | D:5      | Reached skill level 1 in Evocations
  6562 | Temple   | Entered the Ecumenical Temple
  6586 | Temple   | Became a worshipper of Vehumet
  6625 | D:6      | Reached skill level 5 in Spellcasting
  6625 | D:6      | Reached skill level 1 in Alchemy
  6644 | D:5      | Reached XP level 8. HP: 22/48 MP: 8/17
  6998 | D:6      | Noticed Grinder
  7007 | D:6      | Killed Grinder
  7555 | D:7      | Reached skill level 5 in Fighting
  7662 | D:7      | Identified the +0 robe of Qoneiv {^Contam Str+5}
  7755 | D:7      | Reached XP level 9. HP: 38/54 MP: 14/20
  7815 | D:7      | Learned a level 4 spell: Fulminant Prism
  7821 | D:7      | Learned a level 5 spell: Irradiate
  7825 | D:7      | Learned a level 3 spell: Passwall
  8314 | D:7      | Reached skill level 10 in Conjurations
  8683 | D:8      | Reached skill level 5 in Alchemy
  8824 | D:8      | Found a bloodstained altar of Trog.
  9288 | D:8      | Reached * piety under Vehumet
  9288 | D:8      | Offered knowledge of Freeze by Vehumet.
  9573 | D:8      | Reached XP level 10. HP: 51/60 MP: 15/21
 11882 | D:9      | Found a staircase to the Lair.
 11991 | D:9      | Reached skill level 5 in Dodging
 12173 | D:9      | Reached ** piety under Vehumet
 12173 | D:9      | Offered knowledge of Momentum Strike by Vehumet.
 12327 | D:9      | Found a roughly hewn altar of Beogh.
 12327 | D:9      | Found a staircase to the Orcish Mines.
 12890 | D:9      | Noticed a two-headed ogre
 12896 | D:9      | Killed a two-headed ogre
 12951 | D:10     | Entered Level 10 of the Dungeon
 13098 | D:10     | Noticed Josephine
 13110 | D:10     | Reached XP level 11. HP: 29/64 MP: 18/25
 13112 | D:10     | Killed Josephine
 13116 | D:10     | HP: 1/64 [wraith[Josephine] (8)]
 13343 | D:10     | Found a flagged portal.
 13361 | D:10     | Offered knowledge of Mercury Vapours by Vehumet.
 13375 | Bailey   | Entered a bailey
 13605 | Bailey   | Reached *** piety under Vehumet
 13803 | Bailey   | Reached skill level 10 in Spellcasting
 14035 | Bailey   | Noticed Prince Ribbit
 14036 | Bailey   | Noticed a vault guard
 14055 | Bailey   | Killed Prince Ribbit
 14118 | Bailey   | Killed a vault guard
 14234 | Bailey   | Noticed a vault guard
 14525 | Bailey   | Killed a vault guard
 15171 | D:10     | Noticed a sun demon
 15171 | D:10     | Offered knowledge of Flame Wave by Vehumet.
 16529 | D:11     | Reached XP level 12. HP: 54/73 MP: 21/28
 17210 | D:11     | Reached **** piety under Vehumet
 17688 | D:11     | Offered knowledge of Freezing Cloud by Vehumet.
 17695 | D:11     | Learned a level 5 spell: Freezing Cloud
 17778 | D:11     | Reached skill level 1 in Ice Magic
 17778 | D:11     | Reached skill level 1 in Air Magic
 18718 | D:12     | Noticed a boulder beetle
 18823 | Lair:1   | Entered Level 1 of the Lair of Beasts
 19434 | Lair:1   | Noticed Sonja
 19437 | Lair:1   | Killed Sonja
 19438 | Lair:1   | Reached skill level 15 in Conjurations
 19906 | Lair:1   | Reached skill level 5 in Ice Magic
 19906 | Lair:1   | Reached skill level 5 in Air Magic
 20372 | Lair:2   | Noticed a four-headed hydra
 20378 | Lair:2   | Noticed Amaemon
 20379 | Lair:2   | Killed a four-headed hydra
 20384 | Lair:2   | Killed Amaemon
 20905 | Lair:2   | Reached XP level 13. HP: 78/78 MP: 21/29
 21199 | Lair:2   | Found a staircase to the Shoals.
 21612 | Lair:3   | Identified 2 scrolls of acquirement
 21612 | Lair:3   | Acquired a book of the Spheres
 21614 | Lair:3   | Acquired the +2 pair of gloves of Hidourch {Fly rElec
                  | Dex-2}
 22243 | D:11     | Learned a level 7 spell: Orb of Destruction
 23972 | Lair:3   | Found a hole to the Spider Nest.
 25375 | Lair:4   | You are sucked into a shaft and drop 1 floor!
 25375 | Lair:5   | Entered Level 5 of the Lair of Beasts
 25414 | Lair:4   | Reached skill level 10 in Fighting
 25449 | Lair:4   | Reached ***** piety under Vehumet
 25536 | Lair:4   | Offered knowledge of Olgreb's Toxic Radiance by Vehumet.
 25866 | Lair:4   | Found a staircase to the Slime Pits.
 26844 | Lair:5   | Reached XP level 14. HP: 88/88 MP: 20/33
 27343 | Lair:5   | Reached skill level 15 in Spellcasting
 27727 | Lair:5   | Gained mutation: Your body sometimes deteriorates upon
                  | taking damage. [mutagenic glow]
 28942 | Lair:5   | Offered knowledge of Spellforged Servitor by Vehumet.
 29088 | Lair:5   | Found a corrupted altar of Lugonu.
 29088 | Lair:5   | Found a one-way gate to the infinite horrors of the Abyss.
 29095 | Lair:5   | Identified the amulet of Waru Zaur {Reflect Will++ SH+5}
 30016 | D:9      | Learned a level 7 spell: Spellforged Servitor
 30067 | D:12     | Reached skill level 1 in Summonings
 30461 | D:12     | Found Ebotuo Tahe's Magic Scroll Emporium.
 30469 | D:12     | Bought a scroll of acquirement for 780 gold pieces
 30469 | D:12     | Bought a scroll of brand weapon for 142 gold pieces
 30469 | D:12     | Bought a scroll of enchant weapon for 112 gold pieces
 30469 | D:12     | Bought a scroll of fear for 60 gold pieces
 30469 | D:12     | Bought a scroll of teleportation for 45 gold pieces
 30469 | D:12     | Acquired a manual of Spellcasting
 30539 | D:12     | Found Xuhes's Distillery.
 30629 | D:12     | Found Rethreqev's Antique Armour Shop.
 30697 | D:12     | Found Mosken's Jewellery Boutique.
 30916 | D:12     | Found the +5 robe of Night {Dark Will+ SInv}
 31203 | D:13     | Noticed Snorg
 31208 | D:13     | Killed Snorg
 32420 | D:14     | Found an iron altar of Okawaru.
 32710 | D:14     | Found a runed translucent door.
 32715 | D:14     | Noticed Forchopo's ghost (journeyman DsMo)
 32716 | D:14     | Identified the +9 trident "Olapenine" {vamp, rPois Int+3}
 32943 | D:14     | Reached skill level 1 in Shields
 33214 | D:14     | Noticed an ironbound preserver
 33227 | D:14     | Killed an ironbound preserver
 33228 | D:14     | Reached XP level 15. HP: 87/96 MP: 12/36
 33422 | D:14     | Found a gate to the Vaults.
 33610 | D:15     | Entered Level 15 of the Dungeon
 33812 | D:15     | Reached skill level 5 in Summonings
 33888 | D:15     | Found a staircase to the Depths.
 36055 | Orc:1    | Entered Level 1 of the Orcish Mines
 36188 | Orc:1    | Noticed Erica
 36190 | Orc:1    | Killed Erica
 36208 | Orc:1    | Offered knowledge of Yara's Violent Unravelling by Vehumet.
 36404 | Orc:2    | Entered Level 2 of the Orcish Mines
 36405 | Orc:2    | Noticed Maurice
 36410 | Orc:2    | Killed Maurice
 36411 | Orc:2    | Reached skill level 5 in Shields
 36514 | Orc:2    | Noticed Nessos
 36801 | Orc:2    | Killed Nessos
 38828 | Orc:2    | Offered knowledge of Plasma Beam by Vehumet.
 39222 | Orc:2    | Found a staircase to the Elven Halls.
 39368 | Orc:2    | Noticed Urug
 39382 | Orc:2    | Killed Urug
 39630 | Orc:2    | Found Ohoupykhy's Jewellery Boutique.
 39631 | Orc:2    | Found Vuotypt's General Store.
 39632 | Orc:2    | Found Voximm's General Store.
 39634 | Orc:2    | Found Ompit Aqa's Weapon Boutique.
 39639 | Orc:2    | Bought 3 scrolls of teleportation for 144 gold pieces
 39639 | Orc:2    | Bought a scroll of enchant armour for 120 gold pieces
 39639 | Orc:2    | Bought a scroll of enchant armour for 120 gold pieces
 40175 | Orc:1    | Found Roluwegi's Antique Weapon Shoppe.
 40263 | Orc:1    | You are sucked into a shaft and drop 1 floor!
 40713 | Spider:1 | Entered Level 1 of the Spider Nest
 42504 | Spider:1 | Identified the serpent talisman of the Big Bang {rN+ Will-
                  | rCorr SInv}
 42504 | Spider:1 | Noticed Aizul
 42533 | Spider:1 | Killed Aizul
 43146 | Spider:2 | Offered knowledge of Ozocubu's Refrigeration by Vehumet.
 43155 | Spider:2 | Learned a level 7 spell: Ozocubu's Refrigeration
 43281 | Spider:2 | Reached XP level 16. HP: 70/101 MP: 21/43
 44061 | Spider:2 | Noticed Asterion
 44068 | Spider:2 | Killed Asterion
 44635 | Spider:2 | Noticed Nikola
 44650 | Spider:2 | Killed Nikola
 46257 | Spider:3 | Reached skill level 10 in Ice Magic
 47823 | Spider:3 | Identified the blade talisman "Zyutox" {MP-9 SInv Stlth+}
 48847 | Spider:4 | Entered Level 4 of the Spider Nest
 48847 | Spider:4 | Noticed Arachne
 49249 | Spider:4 | Identified the +2 ring mail of the Marlin {Rampage rN+}
 49371 | Spider:4 | Noticed Agnes
 49379 | Spider:4 | Killed Agnes
 49379 | Spider:4 | Offered knowledge of Permafrost Eruption by Vehumet.
 49387 | Spider:4 | Learned a level 6 spell: Permafrost Eruption
 50044 | Spider:4 | Killed Arachne
 50692 | Spider:4 | Reached skill level 1 in Earth Magic
 51063 | Spider:4 | Reached XP level 17. HP: 31/106 MP: 17/46
 52051 | Spider:4 | Reached skill level 5 in Earth Magic
 52258 | Spider:4 | Identified the scarf of Anaguted {rC+ rF+, *Slow Int+6
                  | Dex+2}
 52272 | Spider:4 | Got a gossamer rune of Zot
 53053 | Shoals:1 | Entered Level 1 of the Shoals
 53281 | Shoals:1 | Noticed Mlioglotl
 53287 | Shoals:1 | Killed Mlioglotl
 53645 | Shoals:1 | Offered knowledge of Lehudib's Crystal Spear by Vehumet.
 53890 | Shoals:1 | Found a transporter.
 54062 | Shoals:1 | Reached skill level 15 in Ice Magic
 54219 | Shoals:1 | Found a transporter.
 54222 | Shoals:1 | Noticed Sufi's ghost (adept GrEE)
 55579 | Shoals:1 | Killed Sufi's ghost
 58681 | Shoals:3 | Found Ipycoham's Magic Scroll Emporium.
 58771 | Shoals:3 | Bought a scroll of blinking for 112 gold pieces
 58771 | Shoals:3 | Bought a scroll of fear for 60 gold pieces
 58796 | Shoals:3 | Found Fuodunos's Armour Emporium.
 58801 | Shoals:3 | Found Xuutaigh's Assorted Antiques.
 58807 | Shoals:3 | Bought a potion of heal wounds for 120 gold pieces
 58842 | Shoals:3 | Found a transporter.
 58843 | Shoals:3 | Found a transporter.
 58844 | Shoals:3 | Noticed HourglassMan's ghost (journeyman GrEE)
 58877 | Shoals:3 | Noticed a kraken
 58913 | Shoals:3 | Found Jegrir's Magic Scroll Boutique.
 58923 | Shoals:3 | Reached XP level 18. HP: 115/115 MP: 27/47
 58989 | Shoals:3 | Bought a scroll of blinking for 112 gold pieces
 58989 | Shoals:3 | Bought a scroll of teleportation for 45 gold pieces
 58989 | Shoals:3 | Bought a scroll of teleportation for 45 gold pieces
 58989 | Shoals:3 | Bought a scroll of enchant armour for 112 gold pieces
 59352 | Shoals:3 | Killed HourglassMan's ghost
 59540 | Shoals:3 | Identified the ring of Taebliaps {rElec Will+ Str+3 Int+2
                  | Dex+6}
 59581 | Shoals:4 | Entered Level 4 of the Shoals
 59906 | Shoals:4 | Got a barnacled rune of Zot
 60506 | Shoals:4 | HP: 1/117 [poisoned by a merfolk impaler]
 60809 | Shoals:4 | Identified the ring "Towaon" {rF++ rN+ Int+6 Slay+2 Stlth-}
 61345 | Shoals:4 | Found Kaurel's General Store.
 61351 | Shoals:4 | Bought a potion of curing for 54 gold pieces
 61649 | Shoals:4 | Reached skill level 15 in Fighting
 61907 | Shoals:4 | Reached ****** piety under Vehumet
 62005 | Shoals:4 | Identified the +7 glaive of Peshremi {holy, Str+3}
 62403 | Shoals:4 | Bought a +0 helmet of see invisible for 207 gold pieces
 62650 | Vaults:1 | Entered Level 1 of the Vaults
 63236 | Vaults:1 | Offered knowledge of Fire Storm by Vehumet.
 63236 | Vaults:1 | Offered knowledge of Shatter by Vehumet.
 63236 | Vaults:1 | Offered knowledge of Polar Vortex by Vehumet.
 63558 | Vaults:1 | Got Sif Muna's Book of Flaming Portents
 63566 | Vaults:1 | Reached skill level 10 in Dodging
 64127 | Vaults:1 | Reached skill level 5 in Evocations
 64205 | Vaults:1 | Learned a level 9 spell: Polar Vortex
 64749 | Vaults:1 | Reached XP level 19. HP: 86/124 MP: 45/48
 67328 | Vaults:2 | Found Plog's Armour Shop.
 67589 | Vaults:2 | Identified the ring of Kif Dou {Fire +Blink Int-5 Dex+4}
 69705 | Vaults:3 | Found Kitapt's Weapon Boutique.
 69913 | Vaults:3 | Found a crumbling gateway.
 69960 | Desolati | Entered the Desolation of Salt
 70218 | Desolati | Reached XP level 20. HP: 129/129 MP: 42/49
 70240 | Desolati | Identified the +1 great sword of Inconvenience {distort,
                  | rPois rF+ rCorr Dex+3}
 70243 | Desolati | Identified the +4 morningstar "Teemai" {heavy, Fly Str+3
                  | Dex+2 SInv}
 70450 | Desolati | Found the +7 captain's cutlass {speed, disarm}
 71034 | Desolati | Identified the ring of Kumouhe {rC- rN++ Str+6 Int-3 SInv}
 71199 | Desolati | Got Sewegoat's Exposition on Nebulous Hermetica
 71302 | Desolati | Identified the ring of Tepot {Ice +Blink rElec SInv}
 71373 | Desolati | Got the Precepts of the Mustered Geodesic
 71637 | Desolati | Got the Handbook of the Fault and the Chill
 71644 | Desolati | Identified the +0 plate armour of the Constellations {rN+
                  | Stlth+}
 71665 | Desolati | Identified the amulet of the Beloved God {Reflect Rampage
                  | Fly Int+2 SH+5}
 74512 | Vaults:3 | Found a staircase to the Crypt.
 74892 | Vaults:4 | Found Vuezotwa's Assorted Antiques.
 75177 | Vaults:4 | Identified the +1 orcbow of Light {antimagic, rElec Int+4}
 75189 | Vaults:4 | Found Anofah's Assorted Antiques.
 75194 | Vaults:4 | Reached XP level 21. HP: 134/134 MP: 43/50
 75248 | Vaults:4 | Reached skill level 10 in Shields
 75248 | Vaults:4 | HP: 1/134 [yaktaur/bolt[a vault warden] (24)]
 75416 | Vaults:4 | Found Omucreoc's Book Shoppe.
 75429 | Vaults:4 | Found Dalov's Antique Weapon Emporium.
 75505 | Vaults:4 | Found a flickering gateway to a bazaar.
 75512 | Bazaar   | Entered a bazaar
 75512 | Bazaar   | Found Bawicuag's Book Boutique.
 75512 | Bazaar   | Found Maery's Armour Emporium.
 75512 | Bazaar   | Found Gyihaaq's Armour Emporium.
 75601 | Bazaar   | Found Packyhul's Book Shoppe.
 75601 | Bazaar   | Found Pudytyif's Magic Scroll Shoppe.
 75607 | Bazaar   | Bought a scroll of fog for 56 gold pieces
 75607 | Bazaar   | Bought a scroll of enchant armour for 105 gold pieces
 77090 | Vaults:5 | Entered Level 5 of the Vaults
 79325 | Vaults:5 | Got a silver rune of Zot
 79771 | Vaults:5 | Found the +9 scales of the Dragon King {rPois rF+ rC+
                  | Will+}
 80039 | Vaults:5 | Reached XP level 22. HP: 144/144 MP: 29/51
 80109 | Vaults:5 | Identified the ring "Banioczo" {Str+4 Int+6 Dex+4}
 80131 | Vaults:5 | Noticed a golden dragon
 80135 | Vaults:5 | Killed a golden dragon
 80540 | Vaults:5 | Identified the +1 robe of Too Many Cooks {Regen+ Str+2}
 80872 | Vaults:5 | Identified the +3 flail of Pid Wuitso {drain, rElec Str+7
                  | Dex-5}
 81066 | Vaults:5 | Identified the ring "Ukkujat" {Str+5 Int+6 Dex+2}
 81074 | Vaults:5 | Identified the +2 hat of the Constellations {rC+ Slay+2}
 81080 | Vaults:5 | Found the necklace of Bloodlust {Fury *Rage Will++ Int-3
                  | Slay+6}
 81087 | Vaults:5 | Identified the +1 shortbow of the Cup {heavy, rElec rPois
                  | MP+9}
 81088 | Vaults:5 | Identified the +2 hand axe of the Imperium {antimagic,
                  | Str+3}
 81094 | Vaults:5 | Identified the +5 fire dragon scales of Spite {rElec rF++
                  | rC- Str+5 Int-4 Slay-4 Stlth+}
 81589 | Orc:2    | Bought a scroll of revelation for 105 gold pieces
 81589 | Orc:2    | Bought a scroll of acquirement for 728 gold pieces
 81589 | Orc:2    | Bought a scroll of teleportation for 42 gold pieces
 81589 | Orc:2    | Acquired 547 gold pieces
 81691 | D:12     | Bought 2 potions of curing for 84 gold pieces
 81691 | D:12     | Bought a potion of resistance for 140 gold pieces
 81691 | D:12     | Bought a potion of enlightenment for 70 gold pieces
 81691 | D:12     | Bought a potion of curing for 42 gold pieces
 81691 | D:12     | Bought a potion of heal wounds for 70 gold pieces
 81691 | D:12     | Bought a potion of curing for 42 gold pieces
 81691 | D:12     | Bought a potion of haste for 140 gold pieces
 81691 | D:12     | Bought a potion of haste for 140 gold pieces
 81707 | D:12     | Bought a glowing robe for 92 gold pieces
 81707 | D:12     | Bought a pair of crude boots for 237 gold pieces
 81707 | D:12     | Identified the +1 pair of boots "Fojeloy" {Harm *Slow rC+
                  | rN+} (You bought it in a shop on level 12 of the Dungeon)
 81707 | D:12     | Bought a glowing helmet for 187 gold pieces
 81707 | D:12     | Bought an embroidered cloak for 187 gold pieces
 82051 | Vaults:4 | Bought a potion of brilliance for 168 gold pieces
 82421 | Elf:1    | Entered Level 1 of the Elven Halls
 83206 | Elf:1    | Identified the +4 spear "Haogred" {flame, rF+ rC+ Dex+3}
 83574 | Elf:1    | Identified the +5 chain mail of the Valley of Death {rC+++}
 84808 | Elf:2    | Found a flickering gateway to a bazaar.
 84817 | Bazaar   | Entered a bazaar
 84818 | Bazaar   | Found Plog's Magic Scroll Shop.
 84824 | Bazaar   | Found Laheuv's Jewellery Shoppe.
 84842 | Bazaar   | Found Etwe's Book Emporium.
 84848 | Bazaar   | Found Haogeq's Antique Weapon Shoppe.
 84856 | Bazaar   | Found Zienioce's Weapon Boutique.
 84900 | Bazaar   | Bought a scroll of fear for 44 gold pieces
 85078 | Elf:2    | Found a runed translucent gate.
 85078 | Elf:2    | Found a runed translucent gate.
 85079 | Elf:2    | Found a runed translucent gate.
 86181 | Elf:3    | Entered Level 3 of the Elven Halls
 86794 | Elf:3    | Identified the ring "Xeaxiut" {Int+3 Dex+6 SInv}
 86802 | Elf:3    | Identified the ring "Jauj" {Will+ rCorr SInv}
 86803 | Elf:3    | Reached XP level 23. HP: 124/149 MP: 25/52
 87090 | Elf:3    | Got Sif Muna's Octavo of Calling
 87298 | Elf:3    | Got Ytuvonumn's Secrets of Transforming Companions
 87324 | Elf:3    | Identified the +7 triple crossbow of Ekiuxoc {antimagic,
                  | rF++ rC- rCorr}
 87743 | Elf:3    | Found a transporter.
 87753 | Elf:3    | Noticed Ajyf's ghost (adept DgEE)
 87762 | Elf:3    | Found a transporter.
 87839 | Elf:3    | Found Duxydiop's Book Emporium.
 88053 | Elf:3    | Reached skill level 15 in Shields
 88055 | Elf:3    | Killed Ajyf's ghost
 88090 | Elf:3    | Identified the +2 cloak of Kozemaiza {Dex+5}
 88305 | Depths:1 | Entered Level 1 of the Depths
 88730 | Depths:1 | Found a gateway to Hell.
 88819 | Depths:1 | Found a flickering gateway to a bazaar.
 88826 | Bazaar   | Entered a bazaar
 88889 | Bazaar   | Found Xugoaso's Antique Weapon Boutique.
 88911 | Bazaar   | Found Abaps's Antique Armour Emporium.
 88929 | Bazaar   | Found Mucokkai's Book Boutique.
 88946 | Bazaar   | Found Ufokk's Antique Armour Shoppe.
 88954 | Bazaar   | Bought an ancient helmet for 266 gold pieces
 88954 | Bazaar   | Identified the +0 helmet of the Lich-sworn {rElec rPois}
                  | (You bought it in a shop in a bazaar)
 89065 | Depths:1 | Acquired the scarf of Fapaots {repulsion, rF+ Int+3}
 89368 | Depths:1 | Found Vahoar's Magic Scroll Emporium.
 89369 | Depths:1 | Found Qekhluko's Magic Scroll Boutique.
 89370 | Depths:1 | Found Qalidd's Antique Armour Shop.
 89370 | Depths:1 | Found Biliuzol's General Store.
 89372 | Depths:1 | Found Tetempu's Antique Weapon Boutique.
 89372 | Depths:1 | Found Fijyat's Antique Armour Emporium.
 89374 | Depths:1 | Bought a scroll of teleportation for 60 gold pieces
 89374 | Depths:1 | Bought a scroll of teleportation for 60 gold pieces
 89385 | Depths:1 | Bought 2 potions of mutation for 208 gold pieces
 89385 | Depths:1 | Bought a potion of mutation for 104 gold pieces
 89387 | Depths:1 | Bought a scroll of teleportation for 57 gold pieces
 89387 | Depths:1 | Bought a scroll of revelation for 142 gold pieces
 89387 | Depths:1 | Bought a scroll of fear for 76 gold pieces
 89387 | Depths:1 | Bought a scroll of teleportation for 57 gold pieces
 91187 | Depths:2 | Noticed a caustic shrike
 91191 | Depths:2 | Killed a caustic shrike
 91507 | Depths:2 | Noticed a caustic shrike
 91510 | Depths:2 | Reached skill level 27 in Ice Magic
 91512 | Depths:2 | Identified the +9 mace "Jicilu" {holy, ^Fragile rC++ MP+9
                  | Str+3}
 91513 | Depths:2 | Killed a caustic shrike
 92559 | Depths:2 | Found a one-way gate leading to the halls of Pandemonium.
 92645 | Depths:3 | Reached XP level 24. HP: 156/156 MP: 25/52
 92645 | Depths:3 | Identified the orb "Seip" {light, Str+3 Int+4 Slay+2 Tloc}
 92645 | Depths:3 | Noticed Frederick
 93305 | Depths:3 | Killed Frederick
 93682 | Depths:3 | Found a one-way gateway to a ziggurat.
 94431 | Depths:3 | Identified the +5 ring mail of Vexation {Dex+6}
 94470 | Depths:3 | Found a burning altar of Makhleb.
 94555 | Depths:3 | Identified the ring of the Enemy {*Slow rPois rN+ Int+3
                  | Dex+7}
 94558 | Depths:3 | Identified the amulet "Zoxkiet" {Faith Rampage MP-9 Slay+3}
 94559 | Depths:3 | Identified the +2 buckler of Painted Curiosity {rN+ Regen+
                  | Dex-5 Slay+3}
 94886 | Depths:4 | Entered Level 4 of the Depths
 95587 | Depths:4 | Found a portal to a secret trove of treasure.
 95956 | Depths:4 | Found a white marble altar of Elyvilon.
 96002 | Depths:4 | Noticed a juggernaut
 96006 | Depths:4 | Killed a juggernaut
 96295 | Depths:4 | Found a runed translucent door.
 96295 | Depths:4 | Noticed Appolef's ghost (veteran GrBe)
 96957 | Depths:4 | Found a gate to the Realm of Zot.
 97059 | Depths:4 | Killed Appolef's ghost
 97110 | Depths:4 | Identified the staff "Aces" {rPois Str+5 Alchemy}
 97234 | Zot:1    | Entered Level 1 of the Realm of Zot
 97241 | Zot:1    | Noticed an ancient lich
 97318 | Zot:1    | Killed an ancient lich
 97715 | Zot:1    | Reached XP level 25. HP: 168/168 MP: 43/52
 97881 | Zot:1    | Noticed an orb of fire
 97886 | Zot:1    | Killed an orb of fire
 97989 | Zot:1    | Noticed an orb of fire
 97991 | Zot:1    | Gained mutation: You are clumsy. (Dex -2) [an orb of fire]
 97993 | Zot:1    | Killed an orb of fire
 99568 | Zot:2    | Found a transporter.
 99572 | Zot:2    | Found a transporter.
 99574 | Zot:2    | Found a transporter.
 99830 | Zot:2    | Found a transporter.
100150 | Zot:3    | Noticed Grunn
100154 | Zot:3    | Killed Grunn
100542 | Zot:3    | Found the +4 dragonskin cloak {Aegis}
100542 | Zot:3    | Noticed Tiamat
100552 | Zot:3    | Killed Tiamat
102960 | Zot:5    | Entered Level 5 of the Realm of Zot
102969 | Zot:5    | Reached XP level 26. HP: 174/174 MP: 36/52
103074 | Zot:5    | Found a transporter.
103176 | Zot:5    | Found a transporter.
103197 | Zot:5    | Found a transporter.
103198 | Zot:5    | Found a transporter.
103207 | Zot:5    | Found a transporter.
103209 | Zot:5    | Found a transporter.
103632 | Zot:5    | Noticed an ancient lich
103696 | Zot:5    | Killed an ancient lich
103765 | Zot:5    | Noticed an orb of fire
103767 | Zot:5    | Gained mutation: You are dopey. (Int -2) [an orb of fire]
103777 | Zot:5    | Gained mutation: Your spells are a little easier to cast,
                  | but a little less powerful. [an orb of fire]
103779 | Zot:5    | Killed an orb of fire
104106 | Zot:4    | Lost mutation: You are dopey. (Int -2) [potion of mutation]
104106 | Zot:4    | Lost mutation: Your spells are a little easier to cast, but
                  | a little less powerful. [potion of mutation]
104106 | Zot:4    | Gained mutation: You occasionally lose the ability to drink
                  | potions when taking damage. [potion of mutation]
104106 | Zot:4    | Gained mutation: Your mind is acute. (Int +4, Str/Dex -1)
                  | [potion of mutation]
104107 | Zot:4    | Lost mutation: You occasionally lose the ability to drink
                  | potions when taking damage. [potion of mutation]
104107 | Zot:4    | Lost mutation: Your mind is acute. (Int +4, Str/Dex -1)
                  | [potion of mutation]
104107 | Zot:4    | Gained mutation: You are weak. (Str -2) [potion of
                  | mutation]
104107 | Zot:4    | Gained mutation: You sometimes lose your temper in combat.
                  | [potion of mutation]
104107 | Zot:4    | Gained mutation: You have supernaturally acute eyesight.
                  | (SInv) [potion of mutation]
104108 | Zot:4    | Lost mutation: You are weak. (Str -2) [potion of mutation]
104108 | Zot:4    | Lost mutation: You have supernaturally acute eyesight.
                  | (SInv) [potion of mutation]
104108 | Zot:4    | Gained mutation: You have hidden genetic defects. [potion
                  | of mutation]
104109 | Zot:4    | Lost mutation: Your body sometimes deteriorates upon taking
                  | damage. [potion of mutation]
104109 | Zot:4    | Lost mutation: You have hidden genetic defects. [potion of
                  | mutation]
104109 | Zot:4    | Gained mutation: Your flesh is heat resistant. (rF+)
                  | [potion of mutation]
104109 | Zot:4    | Lost mutation: You are clumsy. (Dex -2) [potion of
                  | mutation]
104110 | Zot:4    | Lost mutation: You sometimes lose your temper in combat.
                  | [potion of mutation]
104110 | Zot:4    | Lost mutation: Your flesh is heat resistant. (rF+) [potion
                  | of mutation]
104110 | Zot:4    | Gained mutation: You occasionally lose the ability to drink
                  | potions when taking damage. [potion of mutation]
104110 | Zot:4    | Gained mutation: You are weak. (Str -2) [potion of
                  | mutation]
104110 | Zot:4    | Lost mutation: You are weak. (Str -2) [potion of mutation]
104110 | Zot:4    | Gained mutation: Your flesh is cold resistant. (rC+)
                  | [potion of mutation]
104111 | Zot:4    | Lost mutation: You occasionally lose the ability to drink
                  | potions when taking damage. [potion of mutation]
104111 | Zot:4    | Lost mutation: Your flesh is cold resistant. (rC+) [potion
                  | of mutation]
104111 | Zot:4    | Gained mutation: You are occasionally teleported next to
                  | monsters. [potion of mutation]
104111 | Zot:4    | Gained mutation: You expend magic power (3 MP) to
                  | strengthen your wands. [potion of mutation]
104111 | Zot:4    | Gained mutation: You are agile. (Dex +4, Str/Int -1)
                  | [potion of mutation]
104112 | Zot:4    | Lost mutation: You are occasionally teleported next to
                  | monsters. [potion of mutation]
104112 | Zot:4    | Lost mutation: You are agile. (Dex +4, Str/Int -1) [potion
                  | of mutation]
104112 | Zot:4    | Lost mutation: You expend magic power (3 MP) to strengthen
                  | your wands. [potion of mutation]
104112 | Zot:4    | Gained mutation: Your body sometimes deteriorates upon
                  | taking damage. [potion of mutation]
104112 | Zot:4    | Gained mutation: You occasionally lose the ability to read
                  | scrolls when taking damage. [potion of mutation]
104112 | Zot:4    | Gained mutation: You possess an exceptional clarity of
                  | mind. [potion of mutation]
104112 | Zot:4    | Gained mutation: You have a pair of small antennae on your
                  | head. [potion of mutation]
104113 | Zot:4    | Lost mutation: You have a pair of small antennae on your
                  | head. [potion of mutation]
104113 | Zot:4    | Lost mutation: You possess an exceptional clarity of mind.
                  | [potion of mutation]
104113 | Zot:4    | Gained mutation: You have a pair of small antennae on your
                  | head. [potion of mutation]
104113 | Zot:4    | Gained mutation: You occasionally lose the ability to drink
                  | potions when taking damage. [potion of mutation]
104114 | Zot:4    | Lost mutation: You occasionally lose the ability to read
                  | scrolls when taking damage. [potion of mutation]
104114 | Zot:4    | Lost mutation: Your body sometimes deteriorates upon taking
                  | damage. [potion of mutation]
104114 | Zot:4    | Gained mutation: Your spells are a little harder to cast,
                  | but a little more powerful. [potion of mutation]
104114 | Zot:4    | Gained mutation: Your health recovers twice as slowly from
                  | being drained. [potion of mutation]
104114 | Zot:4    | Gained mutation: You are strong-willed. (Will+) [potion of
                  | mutation]
105229 | Zot:5    | Noticed a dread lich
105229 | Zot:5    | Noticed an orb of fire
105248 | Zot:5    | Killed a dread lich
105427 | Zot:5    | Noticed an orb of fire
105433 | Zot:5    | Killed an orb of fire
105433 | Zot:5    | Noticed an orb of fire
105439 | Zot:5    | Killed an orb of fire
105446 | Zot:5    | Noticed an orb of fire
105447 | Zot:5    | Noticed an orb of fire
105448 | Zot:5    | Noticed an orb of fire
105452 | Zot:5    | Killed an orb of fire
105476 | Zot:5    | Noticed a dread lich
105480 | Zot:5    | Killed a dread lich
105540 | Zot:5    | Reached skill level 27 in Spellcasting
105619 | Zot:5    | Noticed an orb of fire
105623 | Zot:5    | Killed an orb of fire
105817 | Zot:5    | Gained mutation: You sometimes lose your temper in combat.
                  | [an orb of fire]
105818 | Zot:5    | Killed an orb of fire
105819 | Zot:5    | Gained mutation: You have hidden genetic defects. [an orb
                  | of fire]
105820 | Zot:5    | Killed an orb of fire
105827 | Zot:5    | Lost mutation: You occasionally lose the ability to drink
                  | potions when taking damage. [potion of mutation]
105827 | Zot:5    | Lost mutation: Your spells are a little harder to cast, but
                  | a little more powerful. [potion of mutation]
105827 | Zot:5    | Gained mutation: A frigid envelope surrounds you and
                  | freezes all who hurt you. [potion of mutation]
105827 | Zot:5    | Gained mutation: You are agile. (Dex +4, Str/Int -1)
                  | [potion of mutation]
106058 | Zot:5    | Noticed an orb of fire
106060 | Zot:5    | Gained mutation: Your flesh is heat resistant. (rF+) [an
                  | orb of fire]
106062 | Zot:5    | Killed an orb of fire
106226 | Zot:5    | Killed an orb of fire
106697 | Zot:5    | Got the Orb of Zot
106908 | Depths:4 | Noticed Vybossaj the pandemonium lord
106929 | Depths:3 | Reached XP level 27. HP: 99/182 MP: 24/56
106981 | Depths:2 | Gained mutation: You are frail. (-10% HP) [hidden defects]
107304 | D:$      | Escaped with the Orb!

Illustrated notes

Levels and vault maps discovered:
D:1:      sevenhm_arrival_forest_fort_small_3, layout_basic,
          chequers_ecumenical_altar_lobes, minmay_pentomino_r4
D:2:      layout_basic, supply_closet_lemuel, minmay_misc_feat_diagonals,
          uniq_terence
D:3:      layout_basic, portal_sewer_entry_f
D:4:      layout_loops_ring, serial_shops, kennysheep_mini, minivault_14,
          minmay_ogre_servants, uniq_sigmund
D:5:      layout_cave_pools, minmay_temple_entry_junction
D:6:      layout_basic, grunt_decor_junction, uniq_grinder
D:7:      layout_rooms
D:8:      layout_basic, lemuel_doored_altar
D:9:      layout_gridville, erik_lair_island, david_orc_5
D:10:     layout_loops_ring, enter_bailey_5, uniq_josephine
D:11:     minmay_ice_pillars, layout_cross
D:12:     layout_rooms, serial_shops, nicolae_shop_stone, kennysheep_mini_moat,
          nicolae_shop_temple_entry_statues_fountains, shop,
          hellmonk_guarded_unrand_night
D:13:     layout_loops_ring, uniq_snorg
D:14:     minmay_tri_box, layout_loops_cross, hellmonk_vaults_order_and_chaos,
          ebering_ghost_funeral_grove, serial_park_tiny_1,
          kennysheep_okawaru_gauntlet
D:15:     hangedman_depths_entry_civil_slaughter, layout_loops_corners
Temple:   mainiacjoe_temple_trianglar_array
Lair:1:   dpeg_oklob_gauntlet, layout_cellular_growth, lemuel_fruit_fields,
          uniq_sonja
Lair:2:   layout_misc_corridors, minmay_shoals_entry_beasts, uniq_amaemon
Lair:3:   layout_loops_ring, spider_nest_entry_webs, serial_bayou_crossing,
          infiniplex_staircase_pool
Lair:4:   layout_layer_cave, slime_entry_1, grunt_megastairs_1
Lair:5:   hellmonk_lair_end_abyssal_woods, layout_gridlike,
          portal_ice_cave_rime, nicolae_lair_yak_garden, serial_bayou_shore_a
Shoals:1: layout_shoals, gammafunk_ghost_arena, nicolae_splish_splash,
          uniq_mlioglotl
Shoals:2: layout_shoals
Shoals:3: layout_shoals, serial_shops, nicolae_shop_tiny_statue_garden, shop,
          shop, nicolae_shop_overgrown_old_shop, ebering_ghost_davey_jones,
          nicolae_shoals_shepherds
Shoals:4: shoals_end_simple, layout_shoals, serial_shops, shop
Spider:1: layout_spider_delve, uniq_aizul
Spider:2: layout_spider_delve, hellmonk_deceptive_appearances, uniq_nikola,
          uniq_asterion
Spider:3: layout_chambers, nicolae_spider_baby_got_redback
Spider:4: hellmonk_spider_rune_bug_friends, drop_trap, uniq_agnes, uniq_arachne
Orc:1:    layout_caves, serial_shops, shop, uniq_erica
Orc:2:    st_orc_mages, layout_caves, nicolae_orc_pool_cavern, uniq_urug,
          uniq_nessos, uniq_maurice
Elf:1:    minmay_the_grid_plus [minmay_the_grid_rooms,
          minmay_the_grid_small_cups, minmay_the_grid_medium_cups,
          minmay_the_grid_zigzag_pyramid, minmay_the_grid_prize_big_room],
          layout_geoelf_grid, hangedman_corner_corridor
Elf:2:    elven_hall_of_blades_hangedman_original
          [nicolae_blade_entry_antechamber], layout_onion_city, serial_shops,
          bzr_entry_gold
Elf:3:    minmay_elf_hall_spiked, layout_gridlike,
          gammafunk_ghost_berserking_beasts, serial_shops, shop_statue
Vaults:1: nicolae_vaults_closet_pinwheel_6, nicolae_vaults_storage_closets_1,
          v_alt_pattern_6, v_misc_26, v_misc_10, minmay_orc_keep,
          nicolae_vaults_trapezoid_layered, layout_vaults_omnigrid
Vaults:2: lemuel_ogre_cave, hangedman_vaults_pinch,
          nicolae_vaults_little_squares_3, hangedman_vaults_restitches,
          nicolae_vaults_storage_closets_3, hangedman_vaults_restitches,
          vaults_dpeg_emergency_exit, nicolae_vaults_taking_the_gang_shopping,
          vaults_room_door_hall, nicolae_vaults_cochlea,
          nicolae_vaults_lightning_bolt, layout_vaults_omnibox
Vaults:3: portal_desolation_entry_nicolae_nacl, st_cross,
          nicolae_vaults_closet_pinwheel_5, ontoclasm_vaults_ring_square,
          hangedman_vaults_unwind, v_misc_10, minmay_crypt_entry_simple_walls,
          nicolae_vaults_little_squares_6, vaults_room_corners,
          nicolae_vaults_closet_pinwheel_4, nicolae_vaults_yaktaur_gun_rack,
          nicolae_vaults_house_1, layout_vaults_omnicross, serial_shops,
          nicolae_shop_tiny_waterfront
Vaults:4: nicolae_vaults_wrenched, nicolae_vaults_tetromino_T_2, v_misc_24,
          grunt_vaults_trifunnel, nicolae_vaults_network_quinsquares
          [nicolae_vaults_network_quincunx_subvault,
          nicolae_vaults_network_quincunx_subvault,
          nicolae_vaults_network_quincunx_subvault,
          nicolae_vaults_network_quincunx_subvault], v_pattern_5,
          nicolae_vaults_halls_meeting, hangedman_vaults_hat,
          nicolae_vaults_more_shelving_2, v_misc_19, layout_vaults_maze,
          serial_shops, bzr_entry_dummy, shop_fountains, shop, shop,
          nicolae_shop_peninsula
Vaults:5
Depths:1: layout_roguey, hellmouth_3, serial_shops, bzr_firewalk,
          abyss_entry_small_statue_room, lemuel_statue_altar, st_stairs_10,
          hangedman_decor_riveting, eino_tiny_chamber, minmay_gold_behind_fungi,
          nicolae_wooded_promenade, lemuel_nasty_fountain
Depths:2: hangedman_six_sided_sadism, layout_gridlike, grunt_hell_entry_dis_old,
          serial_glass, glass_columns_c, glass_columns_a, glass_columns_c,
          glass_columns_a, glass_columns_a, glass_columns_a, glass_columns_a,
          glass_columns_b, glass_columns_c, glass_columns_a, glass_columns_b,
          glass_columns_a, glass_columns_a, glass_columns_b,
          grunt_pan_entry_sceptre
Depths:3: evilmike_makhleb_hellhole, layout_honeycomb, enter_ziggurat_f,
          grunt_pan_entry_spiral, abyss_entry, nrook_mini_vaults, hell_entry,
          infiniplex_staircase_trident, serial_bayou_shore_b, uniq_frederick
Depths:4: evilmike_zot_entry_gauntlet, layout_long_grid,
          nicolae_concentric_dashed_squares_wild, enter_trove_2,
          ebering_ghost_inner_flame, hell_entry, nicolae_elyvilon_temple_path
Zot:1:    ebering_greatest_show_in_zot, layout_misc_corridors,
          grunt_megastairs_3
Zot:2:    layout_misc_corridors, nicolae_transporter_circle
Zot:3:    layout_cathedral_of_symmetry, st_stairs_9, uniq_grunn, uniq_tiamat
Zot:4:    layout_cathedral_of_symmetry
Zot:5:    layout_basic, serial_nicolae_subway, nicolae_sub_station_stone,
          nicolae_sub_station_metal, nicolae_sub_station_crystal

Skill      XL: |  1  2  3  4  5  6  7  8  9 10 11 12 13 14 15 16 17 18 19 20 21 22 23 24 25 26 |
---------------+-------------------------------------------------------------------------------+-----
Fighting       | 3 4 5 6 8 10 12 13 15 17 20 21 | 21.3
Short Blades   | 3 |  3.0
Spellcasting   | 2 3 4 5 6 8 10 13 15 21 23 27 | 27.0
Conjurations   | 3 4 5 6 9 10 12 13 15 16 | 16.0
Necromancy     | 1 2 |  2.0
Translocations | 1 2 |  2.0
Evocations     | 1 2 5 |  5.0
Alchemy        | 2 7 8 |  8.0
Dodging        | 6 10 | 10.0
Ice Magic      | 6 7 12 16 21 23 24 25 27 | 27.0
Air Magic      | 6 7 |  7.0
Summonings     | 4 5 |  5.0
Shields        | 1 6 9 10 13 15 16 20 | 20.0
Earth Magic    | 3 5 |  5.0
Stealth        | |  6.0

Action                     |  1- 3 |  4- 6 |  7- 9 | 10-12 | 13-15 | 16-18 | 19-21 | 22-24 | 25-27 || total
---------------------------+-------+-------+-------+-------+-------+-------+-------+-------+-------++-------
  Melee: Short sword       |   171 |    68 |       |       |       |       |       |       |       ||   239
         Dagger            |       |     2 |     6 |    16 |    59 |    48 |    26 |       |       ||   157
         Staff             |       |       |       |       |       |       |    17 |    14 |    11 ||    42
  Throw: Javelin           |     5 |       |       |       |       |       |       |       |       ||     5
         Boomerang         |       |     1 |       |    21 |       |       |       |       |       ||    22
   Cast: Magic Dart        |       |   125 |    88 |   124 |       |       |       |       |       ||   337
         Searing Ray       |       |    14 |    63 |   175 |    55 |       |       |       |       ||   307
         Sublimation of Bl |       |     2 |       |       |       |       |       |       |       ||     2
         Irradiate         |       |       |     2 |    62 |    38 |    38 |    11 |    29 |    11 ||   191
         Freezing Cloud    |       |       |       |    32 |   235 |    24 |       |       |       ||   291
         Orb of Destructio |       |       |       |       |   276 |    87 |    28 |    13 |     4 ||   408
         Ozocubu's Refrige |       |       |       |       |     1 |   384 |   257 |    59 |    33 ||   734
         Blink             |       |       |       |       |     1 |       |       |       |       ||     1
         Permafrost Erupti |       |       |       |       |       |    88 |    28 |   444 |   257 ||   817
         Spellforged Servi |       |       |       |       |       |    10 |     2 |     2 |       ||    14
         Polar Vortex      |       |       |       |       |       |     7 |   124 |    47 |    40 ||   218
  Evoke: Wand              |       |       |       |     9 |     5 |     1 |     4 |     2 |       ||    21
         Lightning rod     |       |       |       |       |     3 |     4 |     3 |       |       ||    10
         Tin of tremorston |       |       |       |       |       |     2 |       |       |       ||     2
         Sack of spiders   |       |       |       |       |       |       |     1 |       |       ||     1
    Use: Scroll            |     3 |     2 |     3 |    15 |    21 |    11 |     3 |     8 |     8 ||    74
         Potion            |     2 |       |       |       |       |     8 |     2 |       |    17 ||    29
   Stab: Sleeping          |     9 |     4 |     6 |     1 |     3 |       |       |       |       ||    23
         Paralysed         |       |       |       |     1 |     2 |       |     4 |       |       ||     7
 Armour: Leather armour    |    97 |    66 |       |       |       |       |       |       |       ||   163
         Robe              |       |       |    45 |   258 |   150 |   213 |   163 |    95 |    66 ||   990
  Dodge: Dodged            |    89 |    65 |    34 |   242 |   101 |   119 |    92 |    39 |    27 ||   808
         Repelled          |       |       |       |       |       |       |       |    22 |    12 ||    34
  Block: Other             |       |       |       |       |     7 |       |       |       |       ||     7
         Reflection        |       |       |       |       |     6 |    14 |    14 |    10 |     1 ||    45
         Buckler           |       |       |       |       |    27 |   120 |    84 |     2 |       ||   233
         Tower shield      |       |       |       |       |       |       |       |   118 |    56 ||   174

Table legend: (Time is in decaauts)
 A = Elapsed time spent in this place.
 B = Non-inter-level travel time spent in this place.
 C = Inter-level travel time spent in this place.
 D = Time resting spent in this place.
 E = Time spent auto-exploring this place.
 F = Levels seen in this place.
 G = Mean time per level.
                   A        B        C        D        E       F      G
               +--------+--------+--------+--------+--------+-----+--------+
         Total | 107510 | 100532 |   6978 |  53886 |  33106 |  54 | 1990.9 |
       Dungeon |  26675 |  24234 |   2441 |  11918 |   7604 |  15 | 1778.3 |
        Temple |     47 |      4 |     43 |      0 |      0 |   1 |   47.0 |
          Lair |   9835 |   9234 |    601 |   5052 |   3043 |   5 | 1967.0 |
        Shoals |   9412 |   9148 |    264 |   4924 |   3458 |   4 | 2353.0 |
   Spider Nest |  12023 |  11417 |    606 |   6804 |   3473 |   4 | 3005.8 |
  Orcish Mines |   4748 |   4409 |    339 |   3025 |   1057 |   2 | 2374.0 |
   Elven Halls |   5629 |   5414 |    215 |   2433 |   2374 |   3 | 1876.3 |
        Vaults |  17487 |  16205 |   1282 |   9506 |   4764 |   5 | 3497.4 |
        Depths |   9444 |   8752 |    692 |   4558 |   3215 |   4 | 2361.0 |
           Zot |   8385 |   7895 |    490 |   3845 |   3092 |   5 | 1677.0 |
        Bazaar |    383 |    383 |      0 |     80 |    202 |   3 |  127.7 |
         Sewer |    121 |    121 |      0 |     33 |      0 |   1 |  121.0 |
        Bailey |   1312 |   1312 |      0 |    850 |    129 |   1 | 1312.0 |
    Desolation |   2004 |   2004 |      0 |    856 |    695 |   1 | 2004.0 |
               +--------+--------+--------+--------+--------+-----+--------+

Top non-repeatable levels by time:
Vaults:4: 4205 daAuts
Vaults:1: 3818 daAuts
Spider:4: 3689 daAuts
Vaults:2: 3677 daAuts
    D:11: 3667 daAuts
Spider:2: 3289 daAuts
Vaults:3: 3254 daAuts
  Lair:5: 3095 daAuts
   Orc:2: 3088 daAuts
Shoals:4: 2849 daAuts
    D:10: 2828 daAuts
Depths:4: 2769 daAuts
Shoals:1: 2608 daAuts
Spider:3: 2582 daAuts
Vaults:5: 2531 daAuts
